 Dungeon Crawl Stone Soup version 0.19-a0-1394-g582fb70 (webtiles) character file.

540 PurpleRed the Conjurer (level 7, 0/36 HPs)
             Began as a Deep Elf Conjurer on Sept 3, 2016.
             Was an Initiate of Vehumet.
             Slain by a hog (12 damage)
             ... on level 6 of the Dungeon.
             The game lasted 00:13:44 (1366 turns).

PurpleRed the Conjurer (Deep Elf Conjurer)          Turns: 1366, Time: 00:13:44

Health: 0/36       AC:  4    Str:  5    XL:     7   Next: 5%
Magic:  18/18      EV: 13    Int: 22    God:    Vehumet [......]
Gold:   214        SH:  0    Dex: 15    Spells: 4 memorised, 6 levels left

rFire  . . .     SeeInvis .     p - +2 quarterstaff (chaos)
rCold  . . .     Gourm    .     a - +0 robe
rNeg   . . .     Faith    .     (shield currently unavailable)
rPois  .         Spirit   .     (no helmet)
rElec  .         Dismiss  .     q - +1 cloak
rCorr  .         Reflect  .     (no gloves)
MR     .....     Harm     .     (no boots)
Stlth  ++........               (no amulet)
                                (no ring)
                                (no ring)

@: no status effects
A: no striking features
a: Renounce Religion


You were on level 6 of the Dungeon.
You worshipped Vehumet.
Vehumet was noncommittal.
You were not hungry.

You visited 2 branches of the dungeon, and saw 8 of its levels.

You collected 214 gold pieces.

Inventory:

Hand Weapons
 g - a +0 dagger of venom
 p - a +2 quarterstaff of chaos (weapon)
Missiles
 s - 35 bolts
Armour
 a - a +0 robe (worn)
 q - a +1 cloak (worn)
Wands
 n - a wand of enslavement (4/24)
 r - a wand of disintegration (16/24)
 v - a wand of digging (8/24)
Scrolls
 j - 2 scrolls of blinking
 z - a scroll of enchant armour
Potions
 d - a potion of beneficial mutation {unknown}
 e - a potion of brilliance {unknown}
 f - a potion of mutation
 h - 3 potions of curing
 i - a potion of heal wounds {unknown}
 k - 2 potions of might {unknown}
 l - a potion of flight {unknown}
 m - 2 potions of haste
 t - a potion of degeneration {unknown}
 u - a potion of agility {unknown}
Books
 b - a book of Conjurations

   Spells                             Type                      Level
   a - Magic Dart                     Conjuration                  1
   b - Searing Ray                    Conjuration                  2
   c - Dazzling Spray                 Conjuration/Hexes            3
   d - Fulminant Prism                Conjuration/Hexes            4
   e - Iskenderun's Mystic Blast      Conjuration                  4
   f - Iskenderun's Battlesphere      Conjuration/Charms           5
Comestibles
 c - 5 bread rations
 o - a beef jerky
 w - 2 chunks of flesh
 x - 2 fruits
 A - a meat ration


   Skills:
 - Level 2.4 Dodging
 - Level 2.4 Stealth
 + Level 6.1 Spellcasting
 * Level 7.5 Conjurations
 + Level 3.9 Charms


You had 6 spell levels left.
You knew the following spells:

 Your Spells              Type           Power        Failure   Level  Hunger
a - Magic Dart            Conj           ####         1%          1    None
b - Searing Ray           Conj           #####.       1%          2    None
c - Iskenderun's Mystic   Conj           #####...     4%          4    ###....
d - Iskenderun's Battles  Conj/Chrm      ####....     28%         5    #####..


Dungeon Overview and Level Annotations

Branches:
Dungeon (7/15)             Temple (1/1) D:5

Altars:
Ashenzari
Dithmenos
Elyvilon
Fedhas
Nemelex Xobeh
Okawaru
Qazlal
Ru
Vehumet
Zin


Message History

The hippogriff bites your human.
Your human dies!
The hog closely misses you. The hog bites you.
Evoke which item? (* to show all) (? for menu, Esc to quit)
Zapping:
v - a wand of digging {zapped: 2} (will waste charges)
Press: ? - help, Shift-Dir - straight line The rock shatters into small pieces.
Evoking this partially-identified wand wasted a few charges.
The hog completely misses you. The hog completely misses you.
You see here 19 stones.
The hog bites you. The hog closely misses you.
There is a stone staircase leading up here.
The hog barely misses you. The hog bites you!
You climb upwards.
There is a stone staircase leading down here.
You feel better. The hog bites you! x2
You die...

########### #..........
#..........
#############..........
#...........'..........
#....# ######....).....
###....########..........
#.'...>h@.....'..........
#.#...#########..........
#.'...'...# ####......#
###...###.# #......#
#...###.# #......#
#.......# #......#
#....###########......#
#....# #............#
#....#####..........###


You could see a hog.

Vanquished Creatures
  A sky beast (D:6)
  An ice beast (D:5)
  An ogre (D:6)
  A giant frog skeleton (D:7)
  Crazy Yiuf (D:4)
  An iguana (D:5)
  A worker ant (D:4)
  3 adders
  A worm (D:4)
  2 giant geckos
  3 orcs
  4 bats
  2 giant cockroaches
  A hobgoblin (D:1)
  7 jackals
  A quokka (D:7)
  A ball python zombie (D:6)
  A giant cockroach zombie (D:4)
  A giant gecko skeleton (D:5)
  2 giant newts (D:4)
  3 goblins
  5 kobolds
  4 rats
48 creatures vanquished.

Vanquished Creatures (collateral kills)
  3 killer bees (D:7)
  A gnoll (D:4)
  2 jackals (D:4)
6 creatures vanquished.

Vanquished Creatures (others)
  A human (D:7)
  2 killer bees
3 creatures vanquished.

Grand Total: 57 creatures vanquished

Notes
Turn   | Place    | Note
-------+----------+-------------------------------------------
     0 | D:1      | PurpleRed the Deep Elf Conjurer began the quest for the Orb.
     0 | D:1      | Reached XP level 1. HP: 10/10 MP: 6/6
   109 | D:2      | Reached XP level 2. HP: 15/15 MP: 2/8
   113 | D:2      | Learned a level 2 spell: Searing Ray
   311 | D:3      | Found an iron altar of Okawaru.
   491 | D:3      | Reached skill level 5 in Conjurations
   491 | D:3      | Reached XP level 3. HP: 18/19 MP: 6/10
   664 | D:4      | Found a runed door.
   668 | D:4      | Noticed Crazy Yiuf
   672 | D:4      | Killed Crazy Yiuf
   672 | D:4      | Reached XP level 4. HP: 24/24 MP: 6/12
   801 | D:4      | Found a sparkling altar of Nemelex Xobeh.
   842 | D:5      | Entered Level 5 of the Dungeon
   862 | D:4      | Reached skill level 6 in Conjurations
   896 | D:5      | Found a staircase to the Ecumenical Temple.
   906 | Temple   | Entered the Ecumenical Temple
   922 | Temple   | Became a worshipper of Vehumet
   945 | D:5      | Reached skill level 5 in Spellcasting
   945 | D:5      | Reached XP level 5. HP: 28/28 MP: 9/14
   951 | D:5      | Learned a level 4 spell: Iskenderun's Mystic Blast
   957 | D:5      | Learned a level 5 spell: Iskenderun's Battlesphere
   982 | D:5      | Noticed an ice beast
   992 | D:5      | Killed an ice beast
   992 | D:5      | Reached skill level 1 in Charms
  1125 | D:6      | Noticed an ogre
  1133 | D:6      | Killed an ogre
  1133 | D:6      | Reached XP level 6. HP: 32/32 MP: 9/16
  1140 | D:6      | Noticed a sky beast
  1149 | D:6      | Killed a sky beast
  1149 | D:6      | Reached skill level 7 in Conjurations
  1296 | D:7      | Found a glowing silver altar of Zin.
  1296 | D:7      | Noticed an angel
  1336 | D:7      | Noticed a human
  1338 | D:7      | Noticed a hog
  1339 | D:7      | Noticed a hog
  1339 | D:7      | Noticed a hippogriff
  1345 | D:7      | Reached XP level 7. HP: 19/36 MP: 18/18
  1346 | D:7      | Noticed a yak
  1366 | D:6      | Slain by a hog

Vault maps used:
D:1:      matt_arrival_debris
D:2:      lemuel_doored_altar, first_bread, kennysheep_generic_room_8,
          uniq_natasha, uniq_terence
D:3:      nicolae_overflow_crystal_walls, marbit_many_paths
D:4:      nemelex_xobeh_ov_fountains_minmay, minivault_14, serial_park_tiny_1,
          uniq_crazy_yiuf_cottage
D:5:      grunt_ministairs_12, cheibriados_altar_1, uniq_grinder
D:6:      basic_altar, grunt_decor_cap, uniq_pikel
D:7:      zin_angel, grunt_livestock, minmay_misc_feat_room
Temple:   dshaligram_water_room_temple

Skill      XL: |  1  2  3  4  5  6 |
---------------+-------------------+-----
Spellcasting   | 4 5 6 |  6.1
Conjurations   | 5 6 7 |  7.5
Charms         | 2 3 |  3.9
Dodging        | |  2.4
Stealth        | |  2.4

Action                   |  1- 3 |  4- 6 |  7- 9 || total
-------------------------+-------+-------+-------++-------
Melee: Dagger            |    24 |       |       ||    24
       Quarterstaff      |       |    31 |       ||    31
 Cast: Magic Dart        |    40 |    17 |       ||    57
       Searing Ray       |     1 |     8 |       ||     9
Evoke: Wand              |       |    12 |     1 ||    13
  Use: Scroll            |     5 |     5 |       ||    10
       Potion            |       |     2 |     1 ||     3
  Eat: Chunk             |       |     1 |       ||     1
Armor: Robe              |     9 |    11 |       ||    20
Dodge: Dodged            |    27 |    42 |     6 ||    75
